 Dungeon Crawl Stone Soup version 0.31-a0-1-g4198be8af4 (webtiles) character file.

Game seed: 1275587516333570312

46 ytrimaz the Shield-Bearer (level 3, 0/35 HPs)
             Began as a Gnoll Fighter on May 2, 2023.
             Slain by a goblin
             ... wielding a +0 dagger
             ... led by Robin
              (2 damage)
             ... on level 4 of the Dungeon.
             The game lasted 00:01:04 (704 turns).

ytrimaz the Shield-Bearer (Gnoll Fighter)            Turns: 704, Time: 00:01:05

Health: 0/35       AC:  7    Str: 15    XL:     3   Next: 68%
Magic:  4/4        EV: 14    Int:  9    God:
Gold:   75         SH:  5    Dex: 11    Spells: 4/4 levels left

rFire   . . .        e - +0 hand axe (freeze)
rCold   . . .        c - +0 buckler
rNeg    . . .        b - +0 scale mail
rPois   .            (no helmet)
rElec   .            (no cloak)
rCorr   .            (no gloves)
SInv    .            (no boots)
Will    .....        (no amulet) Stlth
                     h - +5 ring of evasion
HPRegen 0.25/turn    (no ring)
MPRegen 0.09/turn

%: no passive effects
@: lethally poisoned (0 -> -3), flying, hasted, very quick
A: fangs 1, strong nose, distributed training
a: no special abilities


You were on level 4 of the Dungeon.
You visited 1 branch of the dungeon, and saw 3 of its levels.

You collected 75 gold pieces.


Innate Abilities, Weirdness & Mutations

You have very sharp teeth.
Your uncanny sense of smell can sniff out nearby items.
Your experience applies equally to all skills.


   Skills:
 + Level 6.5 Fighting
 + Level 1.0 Short Blades
 + Level 1.0 Long Blades
 + Level 4.6 Axes
 + Level 1.0 Maces & Flails
 + Level 1.0 Polearms
 + Level 1.0 Staves
 + Level 1.0 Ranged Weapons
 + Level 1.0 Throwing
 + Level 6.5 Armour
 + Level 1.0 Dodging
 + Level 1.0 Stealth
 + Level 6.5 Shields
 + Level 1.0 Unarmed Combat
 + Level 1.0 Spellcasting
 + Level 0.7 Conjurations
 + Level 0.7 Hexes
 + Level 0.7 Summonings
 + Level 0.7 Necromancy
 + Level 0.7 Translocations
 + Level 0.7 Transmutations
 + Level 0.7 Fire Magic
 + Level 0.7 Ice Magic
 + Level 0.7 Air Magic
 + Level 0.7 Earth Magic
 + Level 0.7 Poison Magic
 + Level 1.0 Invocations
 + Level 1.0 Evocations


You had 4 spell levels left.
You didn't know any spells.
Your spell library contained the following spells:

 Spells                   Type           Power      Damage    Failure   Level
 Necrotise                Necr           4%         1d4       77%         1
 Vampiric Draining        Necr           1%         2d6       98%         3
 Agony                    Necr           1%         N/A       100%        5

Inventory:

Hand Weapons
 a - a +0 war axe
 e - a +0 hand axe of freezing (weapon)
   (You found it on level 1 of the Dungeon)
Armour
 b - a +0 scale mail (worn)
 c - a +0 buckler (worn)
Jewellery
 h - a +5 ring of evasion (left hand)
   (You found it on level 4 of the Dungeon)
Potions
 d - a potion of might
 f - a potion of flight

Dungeon Overview and Level Annotations

Branches:
Dungeon (2/15) Zot: 17285

Altars:

Shops:
D:1

( ##.....#
##....... ####
######........ ...
.............. ..#
######........ #g#
##....... #g#
##.....#
#g###########...##
#@..).).........#.
######)...........
#...#.##...#.
.........##.####
#)####.#####.# #>#
#.# #.# #.# #.#
#.# #. #.#


You could see a hobgoblin and 2 goblins.


Message History

You closely miss the goblin. You hit the goblin but do no damage.
Robin barely misses you. The goblin misses you.
The goblin hits you but does no damage. 😕 HP[+1]
The goblin closely misses you. Robin closely misses you.
Unknown command.
You hit the goblin. You freeze the goblin.
You kill the goblin!
You hit the goblin. You freeze the goblin.
You kill the goblin!
You hit Robin. You freeze Robin. Robin barely misses you.
Your Invocations skill increases to level 1!
You barely miss Robin. You bite Robin, but do no damage.
Robin hits you with a +0 trident! 😮 HP[-7]
You take 7 damage, and now have 22/35 hp.
You hit Robin but do no damage. Your bite misses Robin.
Robin hits you with a +0 trident!
* * * LOW HITPOINT WARNING * * *
😨 HP[-8]
You take 8 damage, and now have 14/35 hp.
MASSIVE DAMAGE!! (PAUSE)
You slash Robin! You freeze Robin. You block Robin's attack.
Robin hits you with a +0 trident!
* * * LOW HITPOINT WARNING * * *
😱 HP[-7]
You take 7 damage, and now have 7/35 hp.
You are too injured to fight recklessly!
You completely miss Robin. Robin misses you.
You hit Robin. You freeze Robin.
You kill Robin! 😱 HP[+1]
A goblin comes into view. It is wielding a +2 dagger of venom.
Items here: ) [[ †.
Unknown command.
A goblin is nearby!
Unknown command.
A goblin is nearby!
The goblin shouts!
The goblin unwields a +2 dagger of venom.
It stops dripping with poison.
The goblin wields a +0 sling of freezing.
It is covered in frost.
The goblin shoots a sling bullet.
You block the sling bullet. 2 hobgoblins and 2 goblins come into view.
The goblin shouts!
The hobgoblin shouts! x2; The goblin shouts!
The goblin no longer looks unusually strong.
The goblin unwields a +0 sling of freezing.
The goblin wields a +2 dagger of venom.
It begins to drip with poison!
The goblin hits you but does no damage.
You are lethally poisoned!
The hobgoblin moves out of view.
You are too injured to fight recklessly!
Unknown command.
It was a potion of flight.
You feel very buoyant.
You fly up into the air.
* * * LOW HITPOINT WARNING * * *
You feel sick. 😱 HP[-1]
You take 1 damage, and now have 7/35 hp.
Unknown command.
It was a potion of haste.
You feel yourself speed up.
* * * LOW HITPOINT WARNING * * *
You feel sick. 😱 HP[-2]
You take 2 damage, and now have 5/35 hp.
Unknown command.
Unknown command.
You closely miss the goblin. You barely miss the hobgoblin.
* * * LOW HITPOINT WARNING * * *
You feel sick. The goblin hits you but does no damage. The hobgoblin hits you.
* * * LOW HITPOINT WARNING * * *
😱 HP[-2]
You take 2 damage, and now have 3/35 hp.
You barely miss the goblin. You bite the goblin. You hit the hobgoblin.
You freeze the hobgoblin.
You kill the hobgoblin!
* * * LOW HITPOINT WARNING * * *
You feel sick. You block the goblin's attack.
Your Short Blades skill increases to level 1!
Your Long Blades skill increases to level 1!
Your Maces & Flails skill increases to level 1!
Your Polearms skill increases to level 1!
Your Staves skill increases to level 1!
Your Ranged Weapons skill increases to level 1!
Your Throwing skill increases to level 1!
Your Dodging skill increases to level 1!
Your Stealth skill increases to level 1!
Your Unarmed Combat skill increases to level 1!
Your Spellcasting skill increases to level 1!
Your Evocations skill increases to level 1! 😱 HP[-1]
You take 1 damage, and now have 2/35 hp.
Unknown command.
You hit the goblin. You freeze the goblin.
You kill the goblin!
* * * LOW HITPOINT WARNING * * *
You feel sick. The goblin hits you with a +0 dagger.
You die...

Skill      XL: |  1  2  3 |
---------------+----------+-----
Invocations    | 1 |  1.0
Short Blades   | 1 |  1.0
Long Blades    | 1 |  1.0
Maces & Flails | 1 |  1.0
Polearms       | 1 |  1.0
Staves         | 1 |  1.0
Ranged Weapons | 1 |  1.0
Throwing       | 1 |  1.0
Dodging        | 1 |  1.0
Stealth        | 1 |  1.0
Unarmed Combat | 1 |  1.0
Spellcasting   | 1 |  1.0
Evocations     | 1 |  1.0
Fighting       | |  6.5
Axes           | |  4.6
Armour         | |  6.5
Shields        | |  6.5
Conjurations   | |  0.7
Hexes          | |  0.7
Summonings     | |  0.7
Necromancy     | |  0.7
Translocations | |  0.7
Transmutations | |  0.7
Fire Magic     | |  0.7
Ice Magic      | |  0.7
Air Magic      | |  0.7
Earth Magic    | |  0.7
Poison Magic   | |  0.7

Action                     || total
---------------------------++-------
  Melee: War axe           ||    20
         Bite              ||     6
         Hand axe          ||    58
    Use: Scroll            ||     3
         Potion            ||     2
 Armour: Scale mail        ||    28
  Dodge: Dodged            ||    46
  Block: Buckler           ||    21

Levels and vault maps discovered:
D:1:      dpeg_arrival_windows_large_door, layout_rooms, serial_shops,
          nicolae_shop_peninsula
D:2:      layout_basic, basic_altar, uniq_sigmund, uniq_natasha
D:4:      layout_loops_ring, st_stairs_2, hangedman_decor_growths,
          nicolae_specific_store, uniq_pikel, uniq_robin,
          uniq_crazy_yiuf_cottage

Notes
Turn   | Place    | Note
-------+----------+-------------------------------------------
     0 | D:1      | ytrimaz the Gnoll Fighter began the quest for the Orb.
     0 | D:1      | Reached XP level 1. HP: 23/23 MP: 1/1
     0 | D:1      | magus.rc [v1.9.6]
    54 | D:1      | Reached XP level 2. HP: 25/29 MP: 2/2
   197 | D:1      | You pick up a book of Necromancy and begin reading...
   197 | D:1      | You add the spells Necrotise, Vampiric Draining and Agony
                  | to your library.
   200 | D:1      | Found Ukheqeit's Antique Weapon Shoppe.
   495 | D:2      | Reached XP level 3. HP: 34/35 MP: 3/3
   626 | D:2      | You fall into a shaft and drop 2 floors!
   681 | D:4      | Noticed Robin
   691 | D:4      | Reached skill level 1 in Invocations
   693 | D:4      | HP: 7/35 [Robin/+0 trident (7)]
   695 | D:4      | Killed Robin
   699 | D:4      | HP: 7/35 [poisoned by a goblin]
   701 | D:4      | HP: 3/35 [hobgoblin[Robin] (1)]
   703 | D:4      | Reached skill level 1 in Short Blades
   703 | D:4      | Reached skill level 1 in Long Blades
   703 | D:4      | Reached skill level 1 in Maces & Flails
   703 | D:4      | Reached skill level 1 in Polearms
   703 | D:4      | Reached skill level 1 in Staves
   703 | D:4      | Reached skill level 1 in Ranged Weapons
   703 | D:4      | Reached skill level 1 in Throwing
   703 | D:4      | Reached skill level 1 in Dodging
   703 | D:4      | Reached skill level 1 in Stealth
   703 | D:4      | Reached skill level 1 in Unarmed Combat
   703 | D:4      | Reached skill level 1 in Spellcasting
   703 | D:4      | Reached skill level 1 in Evocations
   704 | D:4      | Slain by a goblin

Vanquished Creatures
  Robin (D:4)
  A worm (D:4)
  3 bats
  3 endoplasms (D:1)
  A giant cockroach (D:1)
  5 goblins
  3 hobgoblins
  3 jackals (D:1)
  3 quokkas (D:1)
  3 frilled lizards (D:1)
  3 kobolds (D:1)
  A rat (D:1)
30 creatures vanquished.

Table legend:
 A = Non-vault XP
 B = Vault XP
 C = Vault XP percentage of total XP
 D = Non-vault monster count
 E = Vault monster count
 F = Vault count percentage of total count
                 A         B        C        D         E       F
            +---------+---------+-------+---------+---------+-------
      Total |      42 |      25 |  37.3 |      24 |       6 |  20.0
            +---------+---------+-------+---------+---------+-------
        D:1 |      33 |       0 |   0.0 |      20 |       0 |   0.0
        D:2 |       4 |       0 |   0.0 |       3 |       0 |   0.0
        D:4 |       5 |      25 |  83.3 |       1 |       6 |  85.7
            +---------+---------+-------+---------+---------+-------

Skill      XL: |  1  2  3 |
---------------+----------+-----
Invocations    | 1 |  1.0
Short Blades   | 1 |  1.0
Long Blades    | 1 |  1.0
Maces & Flails | 1 |  1.0
Polearms       | 1 |  1.0
Staves         | 1 |  1.0
Ranged Weapons | 1 |  1.0
Throwing       | 1 |  1.0
Dodging        | 1 |  1.0
Stealth        | 1 |  1.0
Unarmed Combat | 1 |  1.0
Spellcasting   | 1 |  1.0
Evocations     | 1 |  1.0
Fighting       | |  6.5
Axes           | |  4.6
Armour         | |  6.5
Shields        | |  6.5
Conjurations   | |  0.7
Hexes          | |  0.7
Summonings     | |  0.7
Necromancy     | |  0.7
Translocations | |  0.7
Transmutations | |  0.7
Fire Magic     | |  0.7
Ice Magic      | |  0.7
Air Magic      | |  0.7
Earth Magic    | |  0.7
Poison Magic   | |  0.7

Action                     || total
---------------------------++-------
  Melee: War axe           ||    20
         Bite              ||     6
         Hand axe          ||    58
    Use: Scroll            ||     3
         Potion            ||     2
 Armour: Scale mail        ||    28
  Dodge: Dodged            ||    46
  Block: Buckler           ||    21

Illustrated notes

Table legend:
 A = Kills in this place as a percentage of kills in the entire game.
 B = Kills by you in this place as a percentage of kills by you in the entire game.
 C = Kills by friends in this place as a percentage of kills by friends in the entire game.
 D = Other kills in this place as a percentage of other kills in the entire game.
 E = Experience gained in this place as a percentage of experience gained in the entire game.
 F = Experience gained in this place divided by the number of levels of this place that you have seen.
                   A       B       C       D       E      F
               +-------+-------+-------+-------+-------+----------------------
         Total | 100.0 | 100.0 |   N/A |   N/A | 100.0 |  22.3
       Dungeon | 100.0 | 100.0 |   N/A |   N/A | 100.0 |  22.3
               +-------+-------+-------+-------+-------+----------------------

Table legend: (Time is in decaauts)
 A = Elapsed time spent in this place.
 B = Non-inter-level travel time spent in this place.
 C = Inter-level travel time spent in this place.
 D = Time resting spent in this place.
 E = Time spent auto-exploring this place.
 F = Levels seen in this place.
 G = Mean time per level.
                   A        B        C        D        E       F      G
               +--------+--------+--------+--------+--------+-----+--------+
         Total |    713 |    713 |      0 |      0 |    517 |   3 |  237.7 |
       Dungeon |    713 |    713 |      0 |      0 |    517 |   3 |  237.7 |
               +--------+--------+--------+--------+--------+-----+--------+

Top non-repeatable levels by time:
     D:1: 499 daAuts
     D:2: 135 daAuts
     D:4: 78 daAuts
